Map: [ESL] Site Delta

Players

DisK

  • Race: Protoss Protoss
  • Spawn Location: 5:00

Erik - Winner!

  • Race: Zerg Zerg
  • Spawn Location: 11:00

Event: ESL SC2 Masters 2024 Spring (Regional)

VOD

Have the link to the VOD?

Description

Time

  • Played on: April 21, 2024, 1:59 p.m.
  • Length: 11:24

All games in this series

Show
View Real Time Build Order
Export as new Build Order

DisK Protoss 

Build Orders: 1 Gate Expand, Oracle Opening 

Get SALT Encoding   

  12  0:00  Probe  
  13  0:12  Probe  
  14  0:19  Pylon  
  14  0:24  Probe  
  15  0:37  Probe (Chrono Boost)  
  15  0:39  Gateway  
  16  0:47  Assimilator, Probe (Chrono Boost)  
  17  0:52  Probe (Chrono Boost)  
  18  1:04  Probe  
  19  1:16  Probe  
  20  1:23  Nexus  
  20  1:33  Cybernetics Core  
  20  1:36  Probe  
  21  1:41  Assimilator  
  21  1:48  Probe  
  21  1:52  Pylon  
  22  2:00  Probe (Chrono Boost)  
  23  2:07  Adept (Chrono Boost)  
  23  2:13  Probe (Chrono Boost)  
  26  2:15  Stargate  
  26  2:18  Probe (Chrono Boost)  
  27  2:25  Warp Gate  
  28  2:31  Probe (Chrono Boost)  
  28  2:35  Stalker  
  30  2:38  Probe (Chrono Boost)  
  32  2:47  Probe x2 (Chrono Boost)  
  33  2:52  Probe (Chrono Boost)  
  33  2:53  Probe  
  35  3:00  Oracle (Chrono Boost)  
  35  3:04  Probe  
  39  3:05  Probe  
  39  3:08  Pylon  
  40  3:16  Probe, Gateway  
  41  3:20  Adept  
  41  3:21  Probe  
  44  3:28  Probe  
  44  3:33  Probe  
  46  3:35  Oracle  
  49  3:48  Probe  
  49  3:50  Nexus  
  49  3:54  Probe  
  51  3:57  Pylon  
  51  4:00  Assimilator x2  
  51  4:02  Probe  
  51  4:06  Probe  
  52  4:13  Twilight Council  
  52  4:15  Forge  
  52  4:16  Probe  
  52  4:17  Adept  
  55  4:20  Probe  
  56  4:28  Probe  
  57  4:33  Probe  
  57  4:36  Robotics Facility  
  54  4:40  Probe  
  54  4:41  Stalker, Gateway  
  54  4:43  Gateway  
  57  4:48  Pylon, Probe  
  57  4:52  Probe  
  59  4:53  Adept  
  61  5:00  Probe  
  61  5:01  Protoss Ground Weapons Level 1 (Chrono Boost)  
  61  5:02  Blink (Chrono Boost)  
  61  5:04  Probe  
  61  5:05  Probe, Adept  
  64  5:12  Probe  
  63  5:17  Probe  
  63  5:18  Adept  
  63  5:19  Shield Battery  
  63  5:20  Probe  
  66  5:29  Probe  
  66  5:39  Probe  
  63  5:43  Stalker x3  
  63  5:44  Observer  
  63  5:45  Probe x2  
  72  5:51  Probe  
  72  5:53  Robotics Facility  
  72  5:55  Robotics Bay  
  73  5:57  Probe  
  73  6:03  Probe x2  
  76  6:06  Pylon  
  76  6:07  Assimilator, Stalker  
  76  6:08  Stalker x2  
  76  6:11  Assimilator, Stalker  
  82  6:16  Pylon  
  84  6:21  Pylon  
  83  6:34  Stalker x3  
  83  6:35  Stalker  
  89  6:46  Probe (Chrono Boost)  
  76  6:48  Probe x2 (Chrono Boost)  
  78  6:55  Colossus (Chrono Boost)  
  78  6:58  Probe (Chrono Boost)  
  78  7:00  Probe x2 (Chrono Boost)  
  87  7:06  Probe x3 (Chrono Boost)  
  87  7:07  Immortal (Chrono Boost)  
  90  7:12  Probe  
  90  7:14  Probe x2  
  97  7:16  Shield Battery  
  97  7:24  Probe  
  97  7:26  Stalker x3, Probe  
  105  7:30  Stalker  
  97  7:48  Phoenix  
  96  7:52  Probe x2  
  90  8:01  Stalker x3  
  96  8:09  Probe x2 (Chrono Boost)  
  99  8:15  Probe (Chrono Boost)  
  99  8:18  Probe x2 (Chrono Boost)  
  101  8:23  Probe x3 (Chrono Boost)  
  101  8:25  Shield Battery  
  104  8:35  Shield Battery  
  104  8:38  Phoenix  
  106  8:43  Stalker  
  108  8:52  Pylon x3  
  94  9:09  Probe (Chrono Boost)  
  96  9:10  Probe (Chrono Boost)  
  96  9:13  Stalker x4  
  96  9:15  Probe (Chrono Boost)  
  96  9:16  Shield Battery  
  105  9:20  Probe (Chrono Boost), Gateway  
  105  9:22  Gateway  
  105  9:23  Templar Archives, Probe (Chrono Boost)  
  107  9:32  Shield Battery  
  107  9:33  Probe  
  107  9:34  Probe x2  
  110  9:44  Stalker x3  
  114  9:46  Probe x3  
  117  9:58  Probe x3  
  120  10:03  Stalker  
  120  10:07  Pylon  
  122  10:09  High Templar x2  
  122  10:10  Probe x3  
  122  10:14  High Templar, Archon  
  131  10:22  Probe  
  123  10:35  Probe  
  123  10:36  Probe  
  123  10:38  High Templar x2  
  124  10:50  Archon  
  111  11:00  Probe x3  
  108  11:09  Pylon  
  108  11:13  Pylon  
  108  11:15  Pylon  
  101  11:22  Shield Battery  
Show
View Real Time Build Order
Export as new Build Order

Erik Zerg - Winner!

Build Orders: Hatch First 

Get SALT Encoding   

  12  0:00  Drone  
  13  0:12  Overlord  
  13  0:17  Drone  
  14  0:30  Drone x2  
  16  0:47  Hatchery  
  15  0:51  Drone  
  15  0:55  Drone  
  17  0:58  Drone  
  18  1:09  Extractor  
  17  1:14  Spawning Pool  
  17  1:16  Drone  
  17  1:19  Drone  
  18  1:28  Drone  
  19  1:39  Drone  
  20  1:52  Drone  
  21  2:00  Queen x2  
  25  2:01  Zergling x2  
  25  2:02  Overlord  
  26  2:10  Drone  
  26  2:11  Drone  
  26  2:13  Metabolic Boost  
  28  2:21  Drone  
  28  2:22  Drone  
  30  2:31  Drone  
  31  2:38  Hatchery  
  31  2:42  Drone  
  31  2:46  Overlord  
  31  2:47  Drone  
  32  2:54  Drone x2  
  34  3:05  Zergling x4  
  36  3:09  Drone x2  
  36  3:10  Drone x4  
  42  3:19  Queen  
  44  3:21  Extractor  
  44  3:22  Queen  
  44  3:23  Extractor  
  44  3:24  Overlord x2  
  46  3:30  Overlord  
  46  3:42  Drone x8  
  46  3:44  Drone  
  55  3:52  Spore Crawler  
  55  3:53  Spore Crawler  
  51  3:59  Drone x3  
  51  4:01  Lair  
  53  4:06  Queen  
  53  4:08  Extractor  
  54  4:10  Extractor x2  
  54  4:11  Zergling x8  
  54  4:13  Zergling x2  
  54  4:15  Spore Crawler  
  56  4:20  Drone x3  
  56  4:23  Zergling x4  
  56  4:24  Zergling x2  
  60  4:35  Drone x4  
  61  4:40  Drone  
  62  4:48  Overlord  
  62  4:51  Drone x7  
  69  4:56  Drone x3  
  71  5:05  Overlord  
  69  5:08  Spire  
  69  5:11  Drone x2  
  69  5:13  Evolution Chamber  
  68  5:18  Drone x2  
  68  5:19  Drone  
  71  5:21  Baneling Nest  
  71  5:22  Extractor x2  
  71  5:23  Drone x2  
  71  5:26  Drone x2  
  72  5:29  Drone x2  
  73  5:37  Zergling x2  
  73  5:38  Zergling x6  
  75  5:45  Zerg Melee Weapons Level 1  
  75  5:49  Zergling x16  
  82  5:52  Overlord  
  80  5:59  Zergling x2  
  80  6:00  Zergling x6  
  80  6:13  Drone x4  
  80  6:17  Baneling x2  
  80  6:18  Baneling x3  
  83  6:20  Overlord  
  83  6:21  Mutalisk  
  83  6:22  Mutalisk x2  
  89  6:32  Overlord  
  88  6:37  Mutalisk  
  86  6:44  Mutalisk  
  86  6:45  Mutalisk x7  
  96  6:48  Overlord  
  96  6:50  Zergling x4  
  95  6:55  Zergling x2  
  95  7:00  Zerg Flyer Weapons Level 1  
  95  7:03  Zergling x4  
  97  7:11  Zergling x6  
  100  7:21  Mutalisk x5  
  110  7:26  Hatchery  
  110  7:28  Zergling x10  
  103  7:46  Overlord  
  103  7:47  Overlord x3  
  100  7:56  Mutalisk x6  
  100  7:58  Zergling x4  
  114  8:00  Overlord x2  
  107  8:16  Zerg Melee Weapons Level 2, Centrifugal Hooks  
  107  8:19  Mutalisk x2  
  109  8:21  Zergling x2  
  109  8:22  Zergling x12  
  120  8:27  Drone x3  
  120  8:31  Baneling x7  
  120  8:32  Baneling  
  121  8:36  Drone x3  
  121  8:39  Drone x3  
  113  8:58  Mutalisk x4  
  113  9:02  Zergling x2  
  121  9:03  Zergling x16  
  121  9:08  Mutalisk x2  
  129  9:13  Extractor x2  
  129  9:16  Mutalisk  
  127  9:19  Zergling x14  
  136  9:30  Mutalisk x2  
  139  9:33  Mutalisk  
  139  9:35  Drone x3  
  144  9:42  Zergling x18  
  151  9:48  Mutalisk x3  
  153  9:56  Mutalisk  
  153  9:57  Mutalisk  
  157  10:04  Drone  
  157  10:06  Zergling x10  
  163  10:13  Hatchery  
  153  10:43  Mutalisk x7  
Tags
 
Add a new tag
Caveats
  • Supply blocks, unpowered buildings, or Contaminate may cause inaccurate times.
  • Supply counts are checked every 10 seconds.